Map: Ulrena

Players

MECHILA - Winner!

  • Race: Protoss Protoss
  • League: Gold

capac

  • Race: Terran Terran
  • League: Gold

VOD

Have the link to the VOD?

Description

Time

  • Played on: May 15, 2016, 4:31 a.m.
  • Length: 2:38
Show
View Real Time Build Order
Export as new Build Order

MECHILA Protoss - Winner!

Build Orders:  

Get SALT Encoding   

  12  0:01  Probe (Chrono Boost)  
  13  0:12  Probe (Chrono Boost)  
  14  0:23  Probe (Chrono Boost)  
  14  0:24  Pylon  
  15  0:35  Assimilator  
  15  0:42  Probe (Chrono Boost)  
  16  0:44  Gateway  
  16  0:52  Probe (Chrono Boost)  
  17  1:03  Probe (Chrono Boost)  
  18  1:10  Pylon  
  18  1:14  Probe (Chrono Boost)  
  19  1:24  Probe (Chrono Boost)  
  20  1:32  Cybernetics Core  
  20  1:36  Probe (Chrono Boost)  
  21  1:51  Nexus  
  21  1:59  Assimilator  
  21  2:00  Probe (Chrono Boost)  
  22  2:11  Mothership Core (Chrono Boost)  
Show
View Real Time Build Order
Export as new Build Order

capac Terran 

Build Orders: Reaper Expand 

Get SALT Encoding   

  12  0:00  SCV  
  13  0:12  SCV  
  14  0:18  Supply Depot  
  14  0:26  SCV  
  15  0:40  SCV  
  15  0:41  Barracks  
  16  0:47  Refinery  
  16  1:01  SCV  
  17  1:13  SCV  
  18  1:25  SCV  
  19  1:36  Reaper  
  19  1:37  Orbital Command  
  20  1:49  Command Center  
  20  1:57  Supply Depot  
  20  2:05  SCV  
  20  2:08  Marine  
  22  2:20  Factory  
  22  2:28  Refinery  
  22  2:32  Barracks  
Tags
 
Add a new tag
Caveats
  • Supply blocks, unpowered buildings, or Contaminate may cause inaccurate times.
  • Supply counts are checked every 10 seconds.